 Dungeon Crawl Stone Soup version 0.29-a0-344-ge2f44be95a (webtiles) character file.

Game seed: 13424696094611286977

91 MashaM the Skirmisher (level 4, -6/41 HPs)
             Began as a Minotaur Fighter on Apr 22, 2022.
             Killed from afar by Sigmund (10 damage)
             ... with a puff of flame
             ... on level 2 of the Dungeon.
             The game lasted 00:01:16 (1554 turns).

MashaM the Skirmisher (Minotaur Fighter)            Turns: 1554, Time: 00:01:16

Health: -6/41      AC: 13    Str: 23    XL:     4   Next: 33%
Magic:  3/3        EV:  6    Int:  5    God:
Gold:   63         SH:  0    Dex:  9    Spells: 3/3 levels left

rFire   . . .      SeeInvis .   a - +0 war axe
rCold   . . .      Faith    .   c - +0 buckler
rNeg    . . .      Spirit   .   k - +0 plate armour
rPois   .          Reflect  .   (helmet restricted)
rElec   .          Harm     .   q - +0 cloak
rCorr   .          Rampage  .   (no gloves)
Will    .....                   (no boots)
Stlth   ..........              (no amulet)
HPRegen 0.13/turn               (no ring)
MPRegen 0.08/turn               (no ring)

@: confused
A: horns 2, retaliatory headbutt
a: no special abilities


You were on level 2 of the Dungeon.
You visited 1 branch of the dungeon, and saw 2 of its levels.

You collected 63 gold pieces.

Inventory:

Hand Weapons
 a - a +0 war axe (weapon)
Missiles
 m - a throwing net (quivered)
Armour
 c - a +0 buckler (worn)
 k - a +0 plate armour (worn)
 q - a +0 cloak (worn)
Jewellery
 r - a ring of positive energy
Wands
 n - a wand of digging (6)
Scrolls
 b - a scroll of summoning {unknown}
 e - a scroll of identify {unknown}
 h - 3 scrolls of teleportation {unknown}
 i - a scroll of enchant armour {unknown}
 j - a scroll of enchant weapon {unknown}
 o - a scroll of vulnerability {unknown}
 p - a scroll of immolation {unknown}
Potions
 d - a potion of might
 f - a potion of magic {unknown}
 g - 3 potions of brilliance {unknown}
 l - a potion of lignification {unknown}


   Skills:
 + Level 4.4 Fighting
 * Level 4.3 Axes
 + Level 4.4 Armour
 - Level 3.6 Shields


You had 3 spell levels left.
You didn't know any spells.
Your spell library contained the following spells:

 Spells                   Type           Power      Damage    Failure   Level
 Dazzling Flash           Conj/Hex       0%         N/A       100%        3
 Iskenderun's Mystic Bla  Conj/Tloc      0%         2d3       100%        4
 Starburst                Conj/Fire      0%         6d3       100%        6


Dungeon Overview and Level Annotations

Branches:
Dungeon (2/15)

Altars:

Annotations:
D:2 1 runed translucent door, Crazy Yiuf, Sigmund


Innate Abilities, Weirdness & Mutations

You have a pair of horns on your head.
You reflexively headbutt those who attack you in melee.


Message History

Sigmund casts a spell at you. The magic dart hits you.
Sigmund is nearby!
Sigmund is nearby!
Sigmund hits you from afar with a +0 scythe.
Sigmund is nearby!
Sigmund barely misses you.
There is a stone staircase leading down here.
You slash Sigmund! Your headbutt misses Sigmund.
Sigmund is moderately wounded.
You closely miss Sigmund. You headbutt Sigmund.
Sigmund is heavily wounded.
Sigmund mumbles some strange words.
Sigmund flickers and vanishes!
Deactivating autopickup; reactivate with Ctrl-A.
Something hits you but does no damage.
No target in view!
No target in view!
No target in view!
You miss something. Something hits you!
You closely miss something. You headbutt something. You miss something.
Something hits you but does no damage.
You miss something. Your headbutt misses something. Something hits you!
You barely miss something. Something hits you.
You hit something.
You hear some strange, mumbled words.
You are confused.
You bump into the rock wall.
Something hits you!
* * * LOW HITPOINT WARNING * * *
You barely miss something. Your headbutt misses something.
You hear some strange, mumbled words.
A magic dart appears from out of thin air!
The magic dart hits you but does no damage.
You bump into the rock wall.
Something hits you.
* * * LOW HITPOINT WARNING * * *
You bump into the rock wall.
You hear some strange, mumbled words.
A puff of flame appears from out of thin air!
The puff of flame hits you!
You die...

#..........##.#.#####
#....................
#..........##...#####
#.............#.#
####.######.###.# #.#
#..# #.# #.# #. #..
#.# #. ... #@# . .##
#{# #.# #### #.# ....
#.# #### #.. # ### #
# #


There were no monsters in sight!

Vanquished Creatures
  Jessica (D:2)
  3 adders (D:2)
  A dart slug (D:2)
  6 ball pythons
  3 bats (D:2)
  3 endoplasms (D:1)
  A giant cockroach (D:2)
  3 goblins
  2 hobgoblins
  2 jackals (D:2)
  2 kobolds
  A quokka (D:1)
  5 frilled lizards
  3 rats
36 creatures vanquished.

Vanquished Creatures (others)
  2 plants (D:1)
2 creatures vanquished.

Grand Total: 38 creatures vanquished

Notes
Turn   | Place    | Note
-------+----------+-------------------------------------------
     0 | D:1      | MashaM the Minotaur Fighter began the quest for the Orb.
     0 | D:1      | Reached XP level 1. HP: 19/19 MP: 0/0
   243 | D:1      | Found a faded altar of an unknown god.
   268 | D:1      | Reached XP level 2. HP: 24/27 MP: 1/1
   984 | D:2      | Reached XP level 3. HP: 32/33 MP: 2/2
  1199 | D:2      | Found a runed translucent door.
  1200 | D:2      | Noticed Crazy Yiuf
  1298 | D:2      | Noticed Jessica
  1303 | D:2      | Killed Jessica
  1304 | D:2      | Reached XP level 4. HP: 30/41 MP: 3/3
  1538 | D:2      | Noticed Sigmund
  1554 | D:2      | Killed from afar by Sigmund

Illustrated notes

Levels and vault maps discovered:
D:1:      dpeg_arrival_arbitrary_c, layout_basic,
          shapermc_ecumenical_altar_mp_urbaneastern, chequers_mini_garden,
          moated_statue, grunt_decor_junction
D:2:      layout_rooms, uniq_sigmund, uniq_crazy_yiuf_cottage, uniq_jessica

Skill      XL: |  1  2  3 |
---------------+----------+-----
Axes           | 3 4 |  4.3
Fighting       | 4 |  4.4
Armour         | 4 |  4.4
Shields        | |  3.6

Action                   |  1- 3 |  4- 6 || total
-------------------------+-------+-------++-------
Melee: War axe           |    51 |    16 ||    67
       Headbutt          |     4 |     3 ||     7
Armor: Scale mail        |     4 |       ||     4
       Plate armour      |    34 |     9 ||    43
Dodge: Dodged            |    20 |     3 ||    23
Block: Buckler           |    13 |       ||    13

Table legend: (Time is in decaauts)
 A = Elapsed time spent in this place.
 B = Non-inter-level travel time spent in this place.
 C = Inter-level travel time spent in this place.
 D = Time resting spent in this place.
 E = Time spent auto-exploring this place.
 F = Levels seen in this place.
 G = Mean time per level.
                   A        B        C        D        E       F      G
               +--------+--------+--------+--------+--------+-----+--------+
         Total |   1578 |   1578 |      0 |    100 |   1207 |   2 |  789.0 |
       Dungeon |   1578 |   1578 |      0 |    100 |   1207 |   2 |  789.0 |
               +--------+--------+--------+--------+--------+-----+--------+

Top non-repeatable levels by time:
     D:1: 952 daAuts
     D:2: 626 daAuts
